 Dungeon Crawl Stone Soup version 0.20.1-1-g8b1a95d (webtiles) character file.

111 Mimshu the Skirmisher (level 5, -2/33 HPs)
             Began as a Kobold Berserker on Nov 30, 2017.
             Was a Believer of Trog.
             Slain by an orc
             ... wielding a +0 whip of electrocution
              (19 damage)
             ... on level 3 of the Dungeon.
             The game lasted 00:06:53 (2469 turns).

Mimshu the Skirmisher (Kobold Berserker)            Turns: 2469, Time: 00:06:54

Health: -2/33      AC: 11    Str: 15    XL:     5   Next: 15%
Magic:  5/5        EV:  7    Int:  8    God:    Trog [**....]
Gold:   65         SH:  0    Dex: 15    Spells: 4/4 levels left

rFire    . . .     SeeInvis .   a - +0 spear
rCold    . . .     Gourm    .   (shield restricted)
rNeg     . . .     Faith    .   t - +0 plate armour
rPois    .         Spirit   .   e - +0 helmet
rElec    .         Reflect  .   (no cloak)
rCorr    .         Harm     .   (no gloves)
MR       .....                  (no boots)
Stlth    ..........             (no amulet)
Regen    0.2/turn               (no ring)
MPRegen  0.1/turn               (no ring)

@: no status effects
A: carnivore 3
a: Berserk, Trog's Hand, Burn Spellbooks, Renounce Religion


You were on level 3 of the Dungeon.
You worshipped Trog.
Trog was pleased with you.
You were completely stuffed.

You visited 1 branch of the dungeon, and saw 3 of its levels.

You collected 65 gold pieces.

Inventory:

Hand Weapons
 a - a +0 spear (weapon)
 f - a +2 mace of crushing
Missiles
 h - 20 arrows
 k - 28 stones (quivered)
Armour
 b - a +0 animal skin
 e - a +0 helmet (worn)
 l - a +0 ring mail
 r - a +1 leather armour of cold resistance
 t - a +0 plate armour (worn)
Scrolls
 d - 2 scrolls of identify {unknown}
 j - 2 scrolls of teleportation {unknown}
 p - a scroll of enchant armour {unknown}
 u - a scroll of remove curse {unknown}
Potions
 g - 4 potions of curing {unknown}
 i - 2 potions of haste {unknown}
 m - a potion of lignification {unknown}
 n - a potion of brilliance {unknown}
 o - a potion of flight {unknown}
 s - a potion of might {unknown}
Comestibles
 c - 3 meat rations
 q - a royal jelly
 v - a chunk of flesh


   Skills:
 + Level 4.2 Fighting
 + Level 3.4 Polearms
 + Level 1.7 Armour
 + Level 3.1 Dodging
 + Level 1.7 Stealth


You had 4 spell levels left.
You didn't know any spells.

Dungeon Overview and Level Annotations

Branches:
Dungeon (3/15)

Altars:


Innate Abilities, Weirdness & Mutations

You are small and have problems with some larger weapons.
You are carnivorous and can eat meat at any time.


Message History

Your plate armour prevents you from hitting the orc.
The orc hits you but does no damage.
You closely miss the orc. The orc completely misses you.
The orc hits you but does no damage. The orc hits you with a war axe.
You hit the orc.
The orc is lightly wounded.
The orc closely misses you. The orc hits you with a club.
The orc hits you but does no damage.
Things that are here:
a hand axe; an orc corpse You hit the orc.
The orc is severely wounded.
The orc hits you but does no damage.
You hit the orc.
You kill the orc!
Trog accepts your kill.
You hit the orc but do no damage. The orc hits you but does no damage.
You are electrocuted!
Ouch! That really hurt!
You die...

...>..#.# #...#.....#
#.#..#)#)####.#######.##
#.#.....<...#.##.......#
#....#.####.#.##.#######
........ #.#.##.#
...#..... #.#.##.#
....... #.#.##.#
.....#.. #.#.##.#
........##...oo@#
#..........####
........#..#
#.##.#.)#..#
#.(....?#..#
####....#...
.....$..#.###
######..#.# ...#.#


You could see 2 orcs.

Vanquished Creatures
  4 adders (D:2)
  A worm (D:3)
  5 dart slugs
  2 leopard geckos
  2 orcs (D:3)
  3 giant cockroaches (D:1)
  7 goblins
  5 hobgoblins
  2 jackals (D:1)
  5 kobolds
  2 quokkas
  8 bats
  5 frilled lizards
  10 rats
61 creatures vanquished.

Notes
Turn   | Place    | Note
-------+----------+-------------------------------------------
     0 | D:1      | Mimshu the Kobold Berserker began the quest for the Orb.
     0 | D:1      | Reached XP level 1. HP: 14/14 MP: 1/1
   133 | D:1      | Reached XP level 2. HP: 15/19 MP: 2/2
   573 | D:1      | Reached XP level 3. HP: 24/24 MP: 3/3
   963 | D:1      | Reached ** piety under Trog
   963 | D:1      | Reached skill level 4 in Fighting
  1528 | D:2      | Reached XP level 4. HP: 27/29 MP: 4/4
  1575 | D:2      | Reached skill level 1 in Stealth
  2225 | D:2      | Reached XP level 5. HP: 32/33 MP: 5/5
  2469 | D:3      | Slain by an orc

Skill      XL: |  1  2  3  4 |
---------------+-------------+-----
Fighting       | 4 |  4.2
Polearms       | 3 |  3.4
Stealth        | 1 |  1.7
Dodging        | 3 |  3.1
Armour         | |  1.7

Action                   |  1- 3 |  4- 6 || total
-------------------------+-------+-------++-------
Melee: Spear             |   138 |   123 ||   261
 Stab: Sleeping          |     1 |       ||     1
  Eat: Chunk             |    10 |     4 ||    14
Armor: Animal skin       |    29 |       ||    29
       Ring mail         |     2 |    25 ||    27
       Plate armour      |       |    29 ||    29
Dodge: Dodged            |   111 |    74 ||   185
